 Dungeon Crawl Stone Soup version 0.19-a0-944-gb338e1e (webtiles) character file.

77 xnavy the Ruffian (level 4, -4/40 HPs)
             Began as a Ghoul Monk on July 9, 2016.
             Slain by Sigmund
             ... wielding a +0 scythe
              (14 damage)
             ... on level 2 of the Dungeon.
             The game lasted 00:02:38 (1271 turns).

xnavy the Ruffian (Ghoul Monk)                      Turns: 1271, Time: 00:02:39

Health: -4/40      AC:  2    Str: 14    XL:     4   Next: 34%
Magic:  3/3        EV: 13    Int: 10    God:
Gold:   76         SH:  0    Dex: 12    Spells: 0 memorised, 3 levels left

rFire  . . .     SeeInvis .       - Unarmed
rCold  + . .     Gourm    .     a - +0 robe
rNeg   + + +     Faith    .     (no shield)
rPois  ∞         Spirit   .     (no helmet)
rElec  .         Dismiss  .     (no cloak)
rCorr  .         Reflect  .     (no gloves)
SustAt .         Harm     .     (no boots)
MR     .....                    (no amulet)
Stlth  +.........               (no ring)
                                (no ring)

@: confused, brilliant, rotting, not resistant to hostile enchantments, very
unstealthy
A: rotting body, claws 1, carnivore 3, cold resistance 1, negative energy
resistance 3, slow regeneration 1, torment resistance, unbreathing
a: no special abilities


You were on level 2 of the Dungeon.
You were not hungry.

You visited 1 branch of the dungeon, and saw 2 of its levels.

You collected 76 gold pieces.

Inventory:

Hand Weapons
 e - a +2 short sword of venom
   (You found it on level 1 of the Dungeon)
Armour
 a - a +0 robe (worn)
Jewellery
 d - an uncursed ring of fire {unknown}
   (You found it on level 1 of the Dungeon)
Scrolls
 c - a scroll of fear {unknown}
 f - 3 scrolls of identify {unknown}
 g - 2 scrolls of recharging {unknown}
 h - a scroll of blinking {unknown}
 j - a scroll of remove curse {unknown}
Comestibles
 b - 3 meat rations {@e2}


   Skills:
 + Level 3.9 Fighting
 + Level 3.1 Dodging
 - Level 2.1 Stealth
 * Level 4.6 Unarmed Combat


You had 3 spell levels left.
You didn't know any spells.

Dungeon Overview and Level Annotations

Branches:
Dungeon (2/15)

Altars:
Ashenzari

Annotations:
D:2 Sigmund


Innate Abilities, Weirdness & Mutations

Your body is rotting away.
You thrive on raw meat.
You are immune to poison.
You have sharp fingernails.
You are carnivorous and can eat meat at any time.
Your flesh is cold resistant. (rC+)
You are immune to negative energy. (rN+++)
You regenerate slowly when monsters are visible.
You are immune to unholy pain and torment.
You can survive without breathing.


Message History

You finish eating.
This raw flesh tastes great!
You regained 2 hp, and now have 34/40 hp.
Autoeating chunks.
Eating a chunk of flesh {@w0}.
You start eating the chunk of flesh {@w0}.
You continue eating. x2
You finish eating.
This raw flesh tastes great!
You regained 5 hp, and now have 39/40 hp.
You may need something to eat soon, looking for food.
Can't find anything matching that.
Sorry, you're not good enough to have a special ability.
A giant cockroach and a kobold come into view.
The kobold moves out of view.
Health restored: 40 A giant cockroach is nearby!
A giant cockroach is nearby!
The giant cockroach bites you but does no damage.
You scratch the giant cockroach but do no damage.
The giant cockroach misses you.
You scratch the kobold.
You kill the kobold!
The giant cockroach closely misses you.
You claw the giant cockroach!
You kill the giant cockroach!
No target in view!
You may need something to eat soon, looking for food.
Can't find anything matching that.
Sorry, you're not good enough to have a special ability.
g - 2 scrolls labeled OSEVAD DIODGH (gained 1)
h - a scroll labeled JOAQEINITT A goblin comes into view.
The goblin shouts!
A goblin is nearby!
The goblin barely misses you.
You scratch the goblin.
You kill the goblin!
No target in view!
No target in view!
No target in view!
You may need something to eat soon, looking for food.
Can't find anything matching that.
Sorry, you're not good enough to have a special ability.
A giant newt comes into view.
A giant newt is nearby!
No target in view!
No target in view!
No target in view!
The giant newt is too close now for your liking.
The helpless giant newt fails to defend itself.
You scratch the giant newt. The giant newt misses you.
You closely miss the giant newt. The giant newt misses you.
You miss the giant newt. The giant newt misses you.
You closely miss the giant newt. The giant newt closely misses you.
You barely miss the giant newt. The giant newt barely misses you.
You claw the giant newt!
You kill the giant newt!
No target in view!
No target in view!
You may need something to eat soon, looking for food.
Can't find anything matching that.
Sorry, you're not good enough to have a special ability.
An adder and Sigmund come into view.
The adder hisses angrily.
Sigmund shouts!
You scratch the adder. The adder bites you.
You take 3 damage, and have 37/40 hp.
You barely miss the adder. The adder closely misses you.
You scratch the adder. The adder misses you.
Sigmund says, "Your kind have come here before.
I understand now why.
You desire death..."
You closely miss the adder. The adder closely misses you.
Sigmund casts a spell.
Sigmund flickers and vanishes!
Deactivating autopickup; reactivate with Ctrl-A.
You claw the adder!
You kill the adder!
Something hits you!
You take 7 damage, and have 30/40 hp.
You barely miss something. Something hits you!
You take 7 damage, and have 23/40 hp.
You scratch something. Something hits you!
* * * LOW HITPOINT WARNING * * *
You take 13 damage, and have 10/40 hp.
MASSIVE DAMAGE!!
You barely miss something. You claw something! Your claw misses something.
You hear some strange, mumbled words.
You are confused.
You completely miss something. Something barely misses you.
It was a potion of brilliance.
You feel clever all of a sudden.
You hear some strange, mumbled words.
You are more confused.
You hear some strange, mumbled words.
Something tries to affect you, but you resist.
Something tries to affect you, but you resist.
You bump into the rock wall.
Something hits you.
* * * LOW HITPOINT WARNING * * *
You take 1 damage, and have 10/40 hp.
Unknown command.
Something hits you!
You die...

>..............##..####
.......##.####.....#
.......##.# ####..#
..<....##.#######..#
.......##..........####.#
...............).........
#......###.....##.#####.#
#..........# #.....{@.###
#.....##.# #..... #.#
#..... #.# #..... #..
#..... #.. ###... ...#
#### #..#


There were no monsters in sight!

Vanquished Creatures
  3 adders (D:2)
  A worm (D:2)
  A dart slug (D:1)
  A giant gecko (D:2)
  5 giant cockroaches
  6 goblins
  3 hobgoblins (D:1)
  2 jackals (D:1)
  7 kobolds
  A quokka (D:2)
  6 bats
  4 giant newts
  3 rats (D:1)
43 creatures vanquished.

Notes
Turn   | Place    | Note
-------+----------+-------------------------------------------
     0 | D:1      | xnavy the Ghoul Monk began the quest for the Orb.
     0 | D:1      | Reached XP level 1. HP: 19/19 MP: 0/0
   261 | D:1      | Reached XP level 2. HP: 26/26 MP: 1/1
   547 | D:1      | Reached skill level 4 in Unarmed Combat
   608 | D:1      | Reached XP level 3. HP: 31/31 MP: 2/2
   991 | D:2      | Found a shattered altar of Ashenzari.
  1014 | D:2      | Reached skill level 3 in Dodging
  1166 | D:2      | Reached XP level 4. HP: 32/40 MP: 3/3
  1252 | D:2      | Noticed Sigmund
  1261 | D:2      | HP: 10/40 [something (13)]
  1270 | D:2      | HP: 10/40 [something (1)]
  1271 | D:2      | Slain by Sigmund

Vault maps used:
D:1:      minmay_arrival_diagonal_passages
D:2:      evilmike_ruin_ashenzari, uniq_sigmund

Skill      XL: |  1  2  3 |
---------------+----------+-----
Unarmed Combat | 4 |  4.6
Dodging        | 3 |  3.1
Fighting       | |  3.9
Stealth        | |  2.1

Action                   |  1- 3 |  4- 6 || total
-------------------------+-------+-------++-------
Melee: Unarmed           |   111 |    22 ||   133
  Use: Potion            |       |     1 ||     1
 Stab: Sleeping          |     7 |     1 ||     8
  Eat: Chunk             |     3 |     2 ||     5
Armor: Robe              |    14 |     1 ||    15
Dodge: Dodged            |    77 |    14 ||    91

Vault maps used:
D:1:      minmay_arrival_diagonal_passages
D:2:      evilmike_ruin_ashenzari, uniq_sigmund

Table legend:
 A = Turns spent in this place as a percentage of turns spent in the entire game.
 B = Non-inter-level travel turns spent in this place as a percentage of non-inter-level travel turns spent in the entire game.
 C = Inter-level travel turns spent in this place as a percentage of turns spent in this place.
 D = Turns resting spent in this place as a percentage of non-inter-level travel turns spent in this place.
 E = Turns spent auto-exploring this place as a percentage of non-inter-level travel turns spent in this place.
 F = Non-inter-level travel turns spent in this place divided by the number of levels of this place that you've seen.
                   A       B       C       D       E      F
               +-------+-------+-------+-------+-------+----------------------
         Total | 100.0 | 100.0 |   0.2 |   0.6 |   7.9 | 323.0
       Dungeon | 100.0 | 100.0 |   0.2 |   0.6 |   7.9 | 323.0
               +-------+-------+-------+-------+-------+----------------------

Table legend:
 A = Kills in this place as a percentage of kills in entire the game.
 B = Kills by you in this place as a percentage of kills by you in the entire game.
 C = Kills by friends in this place as a percentage of kills by friends in the entire game.
 D = Other kills in this place as a percentage of other kills in the entire game.
 E = Experience gained in this place as a percentage of experience gained in the entire game.
 F = Experience gained in this place divided by the number of levels of this place that you have seen.
                   A       B       C       D       E      F
               +-------+-------+-------+-------+-------+----------------------
         Total | 100.0 | 100.0 |  -nan |  -nan | 100.0 |  55.5
       Dungeon | 100.0 | 100.0 |  -nan |  -nan | 100.0 |  55.5
               +-------+-------+-------+-------+-------+----------------------
